 Dungeon Crawl Stone Soup version 0.27-a0-650-g8dd3ea4f36 (webtiles) character file.

Game seed: 16854933351053898642

993 MalarOregon the Digger (level 8, -9/51 HPs)
             Began as a Halfling Earth Elementalist on Mar 15, 2021.
             Splashed by Pikel's acid (13 damage)
             ... on level 5 of the Dungeon.
             The game lasted 00:26:44 (8001 turns).

MalarOregon the Digger (HaEE)                       Turns: 8001, Time: 00:26:45

Health: -9/51      AC:  5    Str:  9    XL:     8   Next: 42%
Magic:  12/12      EV: 30    Int: 15    God:
Gold:   68         SH:  0    Dex: 15    Spells: 2/12 levels left

rFire    + . .     SeeInvis .   a - +2 dagger (venom)
rCold    + . .     Faith    .   (shield restricted)
rNeg     . . .     Spirit   .   z - +0 leather armour
rPois    .         Reflect  .   k - +0 helmet
rElec    .         Harm     .   B - scarf {rC+ rF+}
rCorr    .         Rampage  .   x - +0 pair of gloves
Will     .....                  (no boots)
Stlth    +++.......             g - amulet of the acrobat
HPRegen  0.17/turn              (no ring)
MPRegen  0.13/turn              (no ring)

@: acrobatic
A: small, no large weapons, mutation resistance 1
a: no special abilities


You were on level 5 of the Dungeon.
You visited 1 branch of the dungeon, and saw 5 of its levels.

You collected 269 gold pieces.
You spent 201 gold pieces at shops.

Inventory:

Hand Weapons
 a - a +2 dagger of venom (weapon)
   (You took it off an orc on level 5 of the Dungeon)
 b - a +0 hunting sling
   (You found it on level 2 of the Dungeon)
 i - a +5 dagger
   (You took it off an orc wizard on level 2 of the Dungeon)
Missiles
 n - 166 stones
 p - a throwing net {!f}
 w - 66 sling bullets
Armour
 k - a +0 helmet (worn)
   (You found it on level 2 of the Dungeon)
 x - a +0 pair of gloves (worn)
   (You found it on level 3 of the Dungeon)
 z - a +0 leather armour (worn)
   (You found it on level 3 of the Dungeon)
 B - a scarf of resistance (worn)
   (You found it on level 4 of the Dungeon)
Jewellery
 e - an amulet of magic regeneration
   (You found it on level 1 of the Dungeon)
 g - an amulet of the acrobat (around neck)
   (You found it on level 1 of the Dungeon)
 j - a ring of flight
   (You found it on level 2 of the Dungeon)
Wands
 t - a wand of flame (12)
   (You took it off Ijyb on level 3 of the Dungeon)
Scrolls
 c - a scroll of blinking
 d - a scroll of fog
 f - a scroll of identify {@r1}
 o - 2 scrolls of immolation {!r}
 q - 3 scrolls of teleportation {@r4}
 r - a scroll of noise {!r}
 s - 2 scrolls of magic mapping
 u - a scroll of amnesia {unknown}
 y - 2 scrolls of enchant weapon
Potions
 h - 2 potions of curing {@q1}
 l - a potion of berserk rage
 m - 2 potions of resistance
 v - a potion of haste {@q3}
 A - a potion of lignification {!q}
 C - a potion of brilliance
 D - a potion of heal wounds {@q2}


   Skills:
 + Level 2.8 Fighting
 + Level 3.9 Short Blades
 - Level 4.0 Dodging
 + Level 4.5 Stealth
 + Level 2.9 Spellcasting
 + Level 1.9 Conjurations
 - Level 2.0 Transmutations
 + Level 4.5 Earth Magic


You had 2 spell levels left.
You knew the following spells:

 Your Spells              Type           Power      Damage    Failure   Level
a - Sandblast             Erth           30%        2d9       4%          1
b - Petrify               Tmut/Erth      12%        N/A       58%         4
q - Passwall              Tmut/Erth      10%        N/A       11%         2
x - Stone Arrow           Conj/Erth      22%        3d8       22%         3

Your spell library contained the following spells:

 Spells                   Type           Power      Damage    Failure   Level
 Lee's Rapid Deconstruct  Erth           7%         3d8*      77%         5


Dungeon Overview and Level Annotations

Branches:
Dungeon (5/15)
 Temple: D:4-7

Altars:
Makhleb
Yredelemnul

Shops:
D:5 *

Annotations:
D:5 Pikel


Innate Abilities, Weirdness & Mutations

You are small and have problems with some larger weapons.
You are somewhat resistant to further mutation.


Message History

* * * LOW HITPOINT WARNING * * *
You closely miss the orc. You hit the orc.
You kill the orc!
i - a +2 dagger of venom You start resting.
You start resting.
y - 2 scrolls of enchant weapon (gained 1) Autopickup is now off.
Autopickup is now on.
You now have 68 gold pieces (gained 9).
Things that are here:
a +0 ring mail; an orc skeleton
Okay, then.
Adjust (i)tems, (s)pells, or (a)bilities?
i - a +2 dagger of venom Adjust to which letter? (? for menu, Esc to quit)
a - a +2 dagger of venom;
i - a +5 dagger (weapon)
Adjust (i)tems, (s)pells, or (a)bilities?
Okay, then.
Unknown command.
n - 166 stones (gained 18)
Things that are here:
a +0 dagger; an orc skeleton Your +2 dagger of venom begins to drip with poison!
a - a +2 dagger of venom (weapon)
s - 2 scrolls of magic mapping (gained 1)
w - 63 sling bullets (gained 1)
Things that are here:
a +0 dagger; a +0 robe; a hound skeleton
w - 64 sling bullets (gained 1)
w - 65 sling bullets (gained 1)
There is a stone staircase leading down here.
w - 66 sling bullets (gained 1)
There is a stone staircase leading down here.
Pikel is nearby!
Pikel shouts!
The lemure shouts! x2; You hear a shout!
Pikel zaps a wand.
The bolt of acid misses you.
You hear a shout!
You hit Pikel but do no damage.
Pikel is poisoned.
You hit Pikel but do no damage.
Pikel looks as sick as possible!
Pikel zaps a wand.
The bolt of acid hits you!!
You are splashed with acid!
* * * LOW HITPOINT WARNING * * *
Pikel zaps a wand.
The bolt of acid hits you!
* * * LOW HITPOINT WARNING * * *
You are splashed with acid!
You die...

.K.....#.##.##.##.###.##########
....................#..........#
##+#+##.#...###.#.#.#..#######.#
,*,*,##'#...∩...#.#.#..# #.#
,*,*,#.......#..#.#.#..# #.#
,*,*,#......##.##.#.#..# #.#
,*+*..............#.#..# #.#
,,,..#####..##.####.#..# #.#
,,,.,** #.>..K.@......# #.##
,,,,,,***##5#########..# #...
,,,,.o55.5.........,#..# ####
,,,,..#####.#..####,#..# ,,,,,,*
#.#..# *,#..#**** ,,,,,,* #.#,.#
*,#..#,,,* ,,,,,,*
#.#*##***,####,*,***** *******
#.#,,,,,*,,,,,,,,,,,,*
#.#,***,************,*


You could see Pikel (very poisoned) and a lemure.

Vanquished Creatures
  A human (D:4)
  An ice beast (D:5)
  A lemure (D:4)
  An ogre (D:5)
  A bullfrog (D:5)
  A scorpion (D:4)
  A jelly (D:5)
  A human zombie (D:4)
  An orc priest (D:3)
  2 hounds
  A worker ant (D:4)
  Ijyb (D:3)
  5 orc wizards
  A howler monkey zombie (D:5)
  4 gnolls
  6 adders
  A shadow imp (D:5)
  An ufetubus (D:3)
  2 oozes (D:4)
  2 adder skeletons
  2 worms
  A dart slug (D:2)
  5 leopard geckos
  10 orcs
  2 ball pythons
  3 giant cockroaches
  15 goblins
  8 hobgoblins
  8 jackals
  7 kobolds
  4 quokkas
  9 bats
  7 frilled lizards
  A jackal skeleton (D:4)
  A quokka skeleton (D:4)
  4 rats
122 creatures vanquished.

Notes
Turn   | Place    | Note
-------+----------+-------------------------------------------
     0 | D:1      | MalarOregon the Halfling Earth Elementalist began the quest
                  | for the Orb.
     0 | D:1      | Reached XP level 1. HP: 11/11 MP: 3/3
    82 | D:1      | Reached XP level 2. HP: 17/17 MP: 2/4
   353 | D:1      | Learned a level 2 spell: Passwall
   883 | D:1      | Reached XP level 3. HP: 22/22 MP: 5/5
  1652 | D:2      | Reached skill level 1 in Fighting
  1652 | D:2      | Reached skill level 1 in Short Blades
  1839 | D:2      | Reached XP level 4. HP: 28/28 MP: 6/6
  1871 | D:1      | Reached skill level 1 in Transmutations
  2163 | D:2      | Learned a level 3 spell: Stone Arrow
  2447 | D:2      | Reached XP level 5. HP: 30/33 MP: 3/8
  3949 | D:3      | Noticed Ijyb
  3982 | D:3      | Killed Ijyb
  3983 | D:3      | Reached XP level 6. HP: 15/38 MP: 2/9
  4508 | D:3      | Found a faded altar of an unknown god.
  5182 | D:4      | Reached XP level 7. HP: 44/44 MP: 10/10
  5287 | D:4      | Learned a level 4 spell: Petrify
  5515 | D:4      | Found a burning altar of Makhleb.
  5991 | D:4      | Noticed a human
  5992 | D:4      | Found a runed translucent door.
  6011 | D:4      | Reached skill level 1 in Conjurations
  6090 | D:4      | Found a basalt altar of Yredelemnul.
  6268 | D:4      | Killed a human
  6660 | D:5      | Entered Level 5 of the Dungeon
  6663 | D:5      | Found Uhua's General Store.
  6672 | D:5      | Bought a potion of curing for 39 gold pieces
  6672 | D:5      | Bought a scroll of blinking for 97 gold pieces
  6672 | D:5      | Bought a potion of heal wounds for 65 gold pieces
  6879 | D:5      | Reached XP level 8. HP: 51/51 MP: 8/12
  7141 | D:5      | Noticed Pikel
  8001 | D:5      | Splashed by Pikel's acid

Illustrated notes

Levels and vault maps discovered:
D:1:      dpeg_arrival_orchard, layout_rooms
D:2:      minmay_spotlight, layout_basic
D:3:      kennysheep_goblin_castle, layout_loops_ring,
          chequers_ecumenical_altar_simple
D:4:      minmay_skewed_foursquare, layout_loops_cross,
          makhleb_blood_cavern_becter, grunt_decor_one_mirror,
          dk_yredelemnul_ordeal
D:5:      layout_basic, serial_shops, shop, uniq_pikel

Skill      XL: |  1  2  3  4  5  6  7  8 |
---------------+-------------------------+-----
Fighting       | 1 2 |  2.8
Short Blades   | 1 2 3 |  3.9
Transmutations | 1 2 |  2.0
Spellcasting   | 2 |  2.9
Stealth        | 3 4 |  4.5
Dodging        | 3 4 |  4.0
Conjurations   | 1 |  1.9
Earth Magic    | 4 |  4.5

Action                   |  1- 3 |  4- 6 |  7- 9 || total
-------------------------+-------+-------+-------++-------
Melee: Dagger            |   104 |   216 |    96 ||   416
 Fire: Hunting sling     |       |    32 |     7 ||    39
Throw: Dart              |    13 |    29 |    17 ||    59
 Cast: Sandblast         |    15 |    28 |    41 ||    84
       Stone Arrow       |       |     4 |     8 ||    12
Evoke: Wand              |       |       |     5 ||     5
  Use: Scroll            |       |       |    13 ||    13
       Potion            |       |       |     1 ||     1
 Stab: Sleeping          |     2 |     7 |     3 ||    12
Armor: Robe              |    18 |    44 |       ||    62
       Leather armour    |       |     5 |    14 ||    19
Dodge: Dodged            |   107 |   215 |    97 ||   419

Table legend: (Time is in decaauts)
 A = Elapsed time spent in this place.
 B = Non-inter-level travel time spent in this place.
 C = Inter-level travel time spent in this place.
 D = Time resting spent in this place.
 E = Time spent auto-exploring this place.
 F = Levels seen in this place.
 G = Mean time per level.
                   A        B        C        D        E       F      G
               +--------+--------+--------+--------+--------+-----+--------+
         Total |   7973 |   7551 |    422 |   1492 |   4454 |   5 | 1594.6 |
       Dungeon |   7973 |   7551 |    422 |   1492 |   4454 |   5 | 1594.6 |
               +--------+--------+--------+--------+--------+-----+--------+

Top non-repeatable levels by time:
     D:4: 1937 daAuts
     D:3: 1756 daAuts
     D:1: 1748 daAuts
     D:2: 1581 daAuts
     D:5: 949 daAuts
